 Dungeon Crawl Stone Soup version 0.20-a0-2-g2b0e13a (console) character file.

7541 brucemayne the Cleaver (level 10, -5/72 HPs)
             Began as a Demonspawn Berserker on Oct 29, 2016.
             Was an Elder of Trog.
             Killed from afar by an oklob plant (18 damage)
             ... with a splash of acid
             ... on level 1 of the Lair of Beasts.
             The game lasted 00:20:36 (4270 turns).

brucemayne the Cleaver (Demonspawn Berserker)       Turns: 4270, Time: 00:20:37

Health: -5/72      AC: 16    Str: 23    XL:     10   Next: 96%
Magic:  10/10      EV:  7    Int: 10    God:    Trog [****..]
Gold:   354        SH:  0    Dex: 12    Spells: 0 memorised, 9 levels left

rFire  . . .     SeeInvis .     l - +1 battleaxe (curse)
rCold  . . .     Gourm    .     z - +0 plate armour
rNeg   . . .     Faith    .     (shield currently unavailable)
rPois  .         Spirit   .     k - +2 helmet
rElec  .         Reflect  .     B - +0 cloak
rCorr  .         Harm     .     o - +1 pair of gloves
MR     .....     Rnd*Tele +     (no boots)
Stlth  ..........               (no amulet)
                                j - ring of teleportation (curse)
                                y - +3 ring of strength

@: exhausted, corroded, very slightly contaminated, slowed, very slow
A: talons 1, icy blue scales 2, demonic guardian 1
a: Berserk, Trog's Hand, Brothers in Arms, Burn Spellbooks, Renounce Religion


You were on level 1 of the Lair of Beasts.
You worshipped Trog.
Trog was greatly pleased with you.
You were not hungry.

You visited 2 branches of the dungeon, and saw 13 of its levels.

You collected 450 gold pieces.
You spent 96 gold pieces at shops.

Inventory:

Hand Weapons
 a - a +0 hand axe
 h - a +0 whip
 l - a cursed +1 battleaxe (weapon)
 C - the +6 spear "Yliwk" {holy, *Contam +Fly rPois, unknown}
   (You found it on level 5 of the Dungeon)

   It has been blessed by the Shining One to cause great damage to the undead
   and demons.
   It protects you from poison.
   It lets you fly.
   It causes magical contamination when unequipped.
 D - a +0 blowgun
Missiles
 A - 20 poisoned needles
Armour
 b - a +0 animal skin
 i - a +0 scale mail
 k - a +2 helmet (worn)
 o - a +1 pair of gloves (worn)
 v - a +0 chain mail
 z - a +0 plate armour (worn)
 B - a +0 cloak (worn)
Magical Staves
 p - an uncursed staff of wizardry {unknown}
Jewellery
 j - a cursed ring of teleportation (right hand)
 y - a +3 ring of strength (left hand)
Wands
 r - a wand of random effects (23/48)
 F - a wand of confusion (12/48)
 H - a wand of lightning (9/15)
 J - a wand of acid (6/15)
 K - a wand of iceblast (5/15)
Scrolls
 e - 2 scrolls of fog
 w - 2 scrolls of enchant armour
 L - 2 scrolls of identify
Potions
 d - 2 potions of cure mutation
 f - 2 potions of magic
 g - a potion of might
 m - 5 potions of heal wounds
 n - 7 potions of curing
 q - a potion of resistance
 t - 2 potions of agility
 E - a potion of mutation
 G - 2 potions of berserk rage {unknown}
Books
 u - a book of Frost

   Spells                             Type                      Level
   a - Freeze                         Ice                          1
   b - Throw Frost                    Conjuration/Ice              2
   c - Ozocubu's Armour               Charms/Ice                   3
   d - Throw Icicle                   Conjuration/Ice              4
   e - Summon Ice Beast               Ice/Summoning                4
   Trog disapproves of the use of such an item.
 N - a book of Enchantments

   Spells                             Type                      Level
   a - Cause Fear                     Hexes                        4
   b - Yara's Violent Unravelling     Hexes/Transmutation          5
   c - Silence                        Hexes/Air                    5
   d - Deflect Missiles               Charms/Air                   6
   e - Discord                        Hexes                        8
   Trog disapproves of the use of such an item.
Miscellaneous
 M - a box of beasts
Comestibles
 c - 9 bread rations
 s - 9 fruits
 x - 2 royal jellies


   Skills:
 - Level 4.2 Fighting
 + Level 14.5 Axes
 - Level 3.1 Armour
 - Level 1.7 Dodging


You had 9 spell levels left.
You didn't know any spells.

Dungeon Overview and Level Annotations

Branches:
Dungeon (11/15)              Lair (2/6) D:9
 Temple: D:4-7        Swamp: Lair:2-4    Shoals: Lair:2-4     Snake: Lair:2-4
 Spider: Lair:2-4       Orc: D:9-12

Altars:
Nemelex Xobeh
Okawaru
Qazlal
Ru
Sif Muna
Xom

Shops:
D:5 !   D:8 [(}=   D:9 *   D:10 [

Annotations:
D:10 exclusion: 3 downstairs
Lair:1 exclusion: 3 oklob plants


Innate Abilities, Weirdness & Mutations

You have sharp toenails.
You are mostly covered in icy blue scales. (AC +3)
A weak demonic guardian rushes to your aid.


Message History

There is a dry fountain, spattered with blood here.
Your skin stops crawling.
You feel less resistant to hostile enchantments.
You are suddenly yanked towards some nearby monsters!
Your surroundings suddenly seem different.
The oklob plant spits acid at you. The splash of acid hits you!
The acid corrodes you!
You are splashed with acid!
The acid burns!
The oklob plant spits acid at you. The splash of acid hits you!
You are splashed with acid!
The acid burns!
* * * LOW HITPOINT WARNING * * *
Found a stone staircase leading down.
Unknown command.
Blink to where?
Press: ? - help, Dir - move target cursor You are very lightly contaminated with residual magic.
As you read the scroll of blinking, it crumbles to dust.
The oklob plant spits acid at you. The splash of acid hits you!
You die... ######## #PPPPPP#

#≈≈≈≈≈≈#
#≈....≈#
#......###
###........#
#.+.....5..#
#.#.......@#
#.#......###
#.#≈....≈#
#.#≈≈≈≈≈≈#


#.#PPPPPP# ## #.######## #.# #.## ####.# #.P# #P#..# #.## ###....# You could see
2 oklob plants and a friendly iron imp.

Vanquished Creatures
  Erolcha (D:9)
  A hill giant (D:10)
  A cyclops (D:10)
  Joseph (D:7)
  The ghost of p0werm0de the Martial Artist, a novice TeCK of Cheibriados (D:6)
  2 spiny frogs (Lair:1)
  2 komodo dragons (Lair:1)
  A hornet (D:9)
  A hippogriff (D:9)
  A spriggan (D:7)
  5 yaks (D:9)
  A water moccasin (Lair:1)
  An orc warrior (D:10)
  A sky beast (D:9)
  2 ogres
  3 centaurs
  3 crocodiles (Lair:1)
  5 bullfrogs
  2 scorpions
  A wyvern skeleton (D:10)
  10 wights
  6 killer bees (D:9)
  A howler monkey (D:7)
  A crimson imp (D:3)
  A centaur zombie (D:9)
  2 hounds
  4 bullfrog skeletons
  4 orc priests
  An iguana (D:3)
  2 orc wizards
  4 worker ants
  3 hound zombies
  A hound skeleton (D:6)
  A worker ant zombie (D:7)
  Robin (D:2)
  6 adders
  5 shadow imps
  An ooze (D:6)
  An adder skeleton (D:9)
  An adder zombie (D:5)
  A worm (D:5)
  A dart slug (D:3)
  5 leopard geckos
  20 orcs
  4 giant cockroaches
  4 hobgoblins
  9 kobolds
  7 quokkas
  A ball python (D:2)
  2 bats
  2 frilled lizards
  11 goblins
  A jackal skeleton (D:4)
  6 rats
166 creatures vanquished.

Vanquished Creatures (collateral kills)
  A hippogriff (D:9)
  A wyvern (D:10)
  A sky beast (D:6)
  A bullfrog skeleton (D:5)
  An orc wizard (D:5)
  2 adders
  An ooze (D:3)
  5 orcs
  A bat (D:3)
14 creatures vanquished.

Grand Total: 180 creatures vanquished

Notes
Turn   | Place    | Note
-------+----------+-------------------------------------------
     0 | D:1      | brucemayne the Demonspawn Berserker began the quest for the Orb.
     0 | D:1      | Reached XP level 1. HP: 18/18 MP: 1/1
    98 | D:2      | Reached skill level 3 in Axes
   140 | D:2      | Gained mutation: A weak demonic guardian rushes to your aid. [demonic ancestry]
   140 | D:2      | Reached XP level 2. HP: 10/24 MP: 2/2
   316 | D:2      | Reached ** piety under Trog
   316 | D:2      | Gained mutation: You have sharp toenails. [demonic ancestry]
   316 | D:2      | Reached XP level 3. HP: 9/29 MP: 3/3
   334 | D:2      | Noticed Robin
   362 | D:2      | Killed Robin
   362 | D:2      | Reached skill level 4 in Axes
   516 | D:3      | Reached XP level 4. HP: 35/35 MP: 4/4
   524 | D:3      | Reached skill level 5 in Axes
   525 | D:3      | Reached XP level 5. HP: 27/41 MP: 5/5
   720 | D:3      | Found an iron altar of Okawaru.
   770 | D:5      | Entered Level 5 of the Dungeon
   770 | D:5      | Noticed a centaur
   960 | D:3      | Reached skill level 6 in Axes
  1162 | D:4      | Reached *** piety under Trog
  1220 | D:5      | Found Aganwuh's Distillery.
  1226 | D:5      | Got an iridescent spear
  1229 | D:5      | Gained mutation: You are partially covered in icy blue scales. (AC +2) [demonic ancestry]
  1229 | D:5      | Reached XP level 6. HP: 46/47 MP: 6/6
  1237 | D:5      | Bought a potion of curing for 36 gold pieces
  1237 | D:5      | Bought a potion of heal wounds for 60 gold pieces
  1329 | D:5      | Found a sparkling altar of Nemelex Xobeh.
  1341 | D:5      | Reached skill level 7 in Axes
  1495 | D:6      | Noticed p0werm0de's ghost (novice TeCK)
  1529 | D:6      | Killed p0werm0de's ghost
  1529 | D:6      | Reached skill level 8 in Axes
  1529 | D:6      | Reached XP level 7. HP: 52/52 MP: 7/7
  1678 | D:7      | Noticed a spriggan baker
  1683 | D:7      | Killed a spriggan baker
  1683 | D:7      | Reached skill level 9 in Axes
  1683 | D:7      | Gained mutation: You are mostly covered in icy blue scales. (AC +3) [demonic ancestry]
  1683 | D:7      | Reached XP level 8. HP: 58/58 MP: 8/8
  1897 | D:8      | Reached skill level 10 in Axes
  1988 | D:6      | Reached **** piety under Trog
  2063 | D:7      | Noticed Joseph
  2072 | D:7      | Killed Joseph
  2283 | D:8      | Found Roptufy's Gadget Emporium.
  2306 | D:8      | Found Reig's Weapon Emporium.
  2318 | D:8      | Found Comea's Armour Boutique.
  2405 | D:8      | Reached XP level 9. HP: 59/63 MP: 9/9
  2565 | D:8      | Found Qophyggeavu's Jewellery Emporium.
  2715 | D:9      | Reached skill level 11 in Axes
  2745 | D:9      | Noticed Erolcha
  2754 | D:9      | Killed Erolcha
  2754 | D:9      | Reached skill level 12 in Axes
  2759 | D:9      | Paralysed by a hornet for 2 turns
  2829 | D:10     | Entered Level 10 of the Dungeon
  2852 | D:9      | Found a shimmering altar of Xom.
  2854 | D:9      | Found a stormy altar of Qazlal.
  2856 | D:9      | Found a sacrificial altar of Ru.
  2946 | D:9      | Reached XP level 10. HP: 61/72 MP: 10/10
  3004 | D:9      | Found Hirug's General Store.
  3023 | D:9      | Found a staircase to the Lair.
  3055 | D:9      | Found a deep blue altar of Sif Muna.
  3097 | D:9      | Reached skill level 13 in Axes
  3344 | D:10     | Noticed a hill giant
  3358 | D:10     | Killed a hill giant
  3431 | D:10     | Found Bazxoa's Armour Boutique.
  3465 | D:10     | Noticed a cyclops
  3510 | D:10     | Reached ***** piety under Trog
  3574 | D:10     | Killed a cyclops
  3660 | D:11     | Noticed an ice dragon
  3660 | D:11     | Noticed a centaur warrior
  3660 | D:11     | Noticed a gargoyle
  3662 | D:11     | Noticed a manticore
  3938 | Lair:1   | Entered Level 1 of the Lair of Beasts
  3939 | Lair:1   | Noticed a spiny frog
  3944 | Lair:1   | Killed a spiny frog
  3944 | Lair:1   | Reached skill level 14 in Axes
  3997 | Lair:1   | Noticed an oklob plant
  3997 | Lair:1   | Noticed an oklob plant
  3997 | Lair:1   | Noticed an oklob plant
  4227 | Lair:2   | Noticed a spiny frog
  4238 | Lair:1   | Killed a spiny frog
  4270 | Lair:1   | Killed from afar by an oklob plant

Vault maps used:
D:1:      tarquinn_simple_flora_water_a, minmay_pentomino_q4
D:2:      first_bread, uniq_jessica, uniq_robin
D:3:      overflow_temple_1_default, ecumenical_altar_2
D:4:      kennysheep_generic_room_4
D:5:      serial_shops, shop, nemelex_dance_club_becter
D:6:      amethyst_killhole
D:7:      hangedman_decor_peaks_small, minmay_parallelograms, st_stairs_10,
          the_bakery, uniq_joseph
D:8:      serial_shops, nicolae_shop_behind_doors, shop, shop,
          nicolae_shop_temple_entry_statues_fountains, hangedman_decor_push
D:9:      gammafunk_temple_overflow_forgotten, kennysheep_mini_moat,
          serial_shops, shop, uniq_erolcha
D:10:     serial_shops, nicolae_shop_behind_doors, kb_rosetta, uniq_fannar
D:11:     minmay_ambush_box, nicolae_qazlal_general_emergency
Lair:1:   dpeg_oklob_gauntlet, lemuel_fruit_tree, grunt_megastairs_3,
          lemuel_fruit_fields
Lair:2:   kennysheep_abandoned_house, minmay_swamp_entry_reptiles,
          minmay_snake_entry_six_corridors, forest_entry_grove

Skill      XL: |  1  2  3  4  5  6  7  8  9 10 |
---------------+-------------------------------+-----
Axes           | 3 4 5 6 8 9 10 12 14 | 14.5
Armour         | 3 |  3.1
Fighting       | 4 |  4.2
Dodging        | |  1.7

Action                   |  1- 3 |  4- 6 |  7- 9 | 10-12 || total
-------------------------+-------+-------+-------+-------++-------
Melee: Hand axe          |    61 |   184 |   233 |       ||   478
       Kick              |     4 |    44 |    90 |    51 ||   189
       Battleaxe         |       |       |    47 |   180 ||   227
Invok: Berserk           |     5 |     3 |     9 |     4 ||    21
       Trog's Hand       |     1 |     1 |     2 |     4 ||     8
  Use: Scroll            |       |     4 |    11 |     5 ||    20
       Potion            |       |       |     1 |     1 ||     2
 Stab: Distracted        |       |       |     2 |       ||     2
  Eat: Chunk             |     3 |     4 |     7 |     5 ||    19
       Meat ration       |       |     1 |       |       ||     1
       Beef jerky        |       |       |     1 |     1 ||     2
       Fruit             |       |       |     1 |     3 ||     4
       Pizza             |       |       |     1 |       ||     1
       Bread ration      |       |       |       |     1 ||     1
Armor: Animal skin       |    10 |       |       |       ||    10
       Scale mail        |     4 |    33 |       |       ||    37
       Chain mail        |       |    38 |       |       ||    38
       Plate armour      |       |    65 |   174 |   132 ||   371
Dodge: Dodged            |    48 |    86 |    74 |    53 ||   261
